 Dungeon Crawl Stone Soup version 0.27-a0-828-g8289197e94 (webtiles) character file.

Game seed: 757618580940477529

426 kae the Chopper (level 6, -1/56 HPs)
             Began as a Hill Orc Fighter on Mar 30, 2021.
             Slain by Pikel
             ... wielding a +0 whip of electrocution
              (11 damage)
             ... on level 4 of the Dungeon.
             The game lasted 00:02:38 (3818 turns).

kae the Chopper (Hill Orc Fighter)                  Turns: 3818, Time: 00:02:39

Health: -1/56      AC:  8    Str: 21    XL:     6   Next: 97%
Magic:  6/6        EV:  8    Int:  8    God:
Gold:   171        SH:  9    Dex: 10    Spells: 5/5 levels left

rFire    . . .     SeeInvis .   a - +0 war axe
rCold    . . .     Faith    .   c - +0 kite shield
rNeg     . . .     Spirit   .   b - +1 scale mail
rPois    .         Reflect  .   (no helmet)
rElec    .         Harm     .   (no cloak)
rCorr    .         Rampage  .   (no gloves)
Will     .....                  (no boots)
Stlth    ..........             (no amulet)
HPRegen  0.18/turn              (no ring)
MPRegen  0.10/turn              (no ring)

@: no status effects
A: no striking features
a: no special abilities


You were on level 4 of the Dungeon.
You visited 1 branch of the dungeon, and saw 5 of its levels.

You collected 171 gold pieces.

Inventory:

Hand Weapons
 a - a +0 war axe (weapon)
Armour
 b - a +1 scale mail (worn)
 c - a +0 kite shield (worn)
Jewellery
 e - a ring of poison resistance
Scrolls
 f - a scroll of amnesia
Potions
 d - a potion of might
 g - a potion of brilliance


   Skills:
 + Level 5.1 Fighting
 * Level 6.3 Axes
 + Level 4.7 Armour
 + Level 2.2 Dodging
 - Level 3.2 Shields


You had 5 spell levels left.
You didn't know any spells.
Your spell library contained the following spells:

 Spells                   Type           Power      Damage    Failure   Level
 Confusing Touch          Hex            0%         N/A       100%        3
 Gell's Gravitas          Tloc           0%         N/A       100%        3
 Petrify                  Tmut/Erth      0%         N/A       100%        4
 Metabolic Englaciation   Hex/Ice        0%         N/A       100%        5
 Yara's Violent Unravell  Hex/Tmut       0%         3d3       100%        5


Dungeon Overview and Level Annotations

Branches:
Dungeon (5/15)
 Temple: D:4-7

Altars:
Gozag

Shops:
D:2 (

Annotations:
D:4 3 runed translucent doors, Pikel; Zgarb's ghost, amateur DsGl


Message History

The lemure completely misses you. The lemure hits you but does no damage.
The lemure hits you.
You are too injured to fight recklessly!
You are too injured to fight recklessly!
You are too injured to fight recklessly!
You are too injured to fight recklessly!
You are too injured to fight recklessly!
You are too injured to fight recklessly!
You closely miss the lemure. You slash the lemure! The lemure hits you.
You closely miss the lemure. You closely miss Pikel.
The lemure hits you but does no damage.
Pikel hits you with a +0 whip of electrocution.
You are electrocuted!!
* * * LOW HITPOINT WARNING * * *
The lemure hits you.
* * * LOW HITPOINT WARNING * * *
Pikel closely misses you.
It was a potion of invisibility.
You fade into invisibility!
Pikel barely misses you.
You are very lightly contaminated with residual magic.
Okay, then.
Pikel says, "You'll rot in Tartarus!"
You flicker for a moment.
You flicker back into view.
Your magical contamination has completely faded away.
Pikel waves his whip at you.
There is a stone staircase leading down here.
You climb downwards.
A bullfrog, an ice beast and a zombie come into view.
The bullfrog croaks.
Found 10 gold pieces.
There is a stone staircase leading up here.
The killer bee zombie hits you but does no damage.
You climb upwards.
Level annotation: 3 runed translucent doors, Pikel; Zgarb's ghost, amateur DsGl Pikel hits you with a +0 whip of electrocution.
* * * LOW HITPOINT WARNING * * *
You are electrocuted!
You die...

###*####* #..,,...* #####
#.#***#.#############...#
#.## #.................5
#########..##
#......55#.####.5.#
............#
#.@.####...5......#
##########.##
#.K5...5..........# #.#
##..#####.######..#
#.#####..# #.# #..#
#####..).....# #.# #..#
#....†)......#####.# #..#
#.###..............# #..#
*,* #......#.####### *,,*
****,* #........# *,,*


You could see Pikel and 4 lemures.

Vanquished Creatures
  A necrophage (D:4)
  A water moccasin skeleton (D:4)
  A bullfrog skeleton (D:3)
  A gnoll shaman (D:3)
  A hound (D:4)
  A killer bee zombie (D:4)
  5 gnolls (D:3)
  5 adders
  An adder skeleton (D:4)
  2 worms
  6 orcs
  4 endoplasms
  A giant cockroach (D:1)
  8 goblins
  8 hobgoblins
  7 jackals
  7 kobolds
  3 quokkas (D:1)
  8 ball pythons
  4 bats (D:3)
  3 frilled lizards
  4 rats
82 creatures vanquished.

Notes
Turn   | Place    | Note
-------+----------+-------------------------------------------
     0 | D:1      | kae the Hill Orc Fighter began the quest for the Orb.
     0 | D:1      | Reached XP level 1. HP: 19/19 MP: 1/1
   131 | D:1      | Reached skill level 3 in Axes
   213 | D:1      | Reached XP level 2. HP: 23/27 MP: 2/2
   884 | D:2      | Reached XP level 3. HP: 23/33 MP: 3/3
  1175 | D:2      | Reached skill level 4 in Axes
  1175 | D:2      | Reached skill level 1 in Dodging
  1226 | D:2      | Reached XP level 4. HP: 26/40 MP: 4/4
  1277 | D:2      | Found Moivaosy's Weapon Emporium.
  2069 | D:3      | Reached XP level 5. HP: 41/47 MP: 5/5
  2187 | D:3      | Reached skill level 5 in Axes
  2962 | D:4      | Reached XP level 6. HP: 44/53 MP: 6/6
  3246 | D:4      | Found a runed translucent gate.
  3246 | D:4      | Found a runed translucent gate.
  3246 | D:4      | Found an opulent altar of Gozag.
  3246 | D:4      | Found a runed translucent gate.
  3247 | D:4      | Noticed Zgarb's ghost (amateur DsGl)
  3556 | D:4      | Reached skill level 5 in Fighting
  3556 | D:4      | Reached skill level 6 in Axes
  3674 | D:4      | Noticed a necrophage
  3684 | D:4      | Killed a necrophage
  3764 | D:4      | Noticed Pikel
  3816 | D:5      | Entered Level 5 of the Dungeon
  3816 | D:5      | Noticed an ice beast
  3818 | D:4      | Slain by Pikel

Illustrated notes

Levels and vault maps discovered:
D:1:      elethiomel_arrival_infinity_welcomes_careful_drivers,
          layout_loops_ring
D:2:      layout_rooms, serial_shops, shop
D:3:      layout_basic, guppyfry_early_orc_mine
D:4:      layout_loops_ring, ebering_ghost_gozag, uniq_pikel
D:5:      layout_loops_ring, corexii_shack, st_stairs_10,
          nicolae_underground_beach

Skill      XL: |  1  2  3  4  5  6 |
---------------+-------------------+-----
Axes           | 3 4 5 6 |  6.3
Fighting       | 4 5 |  5.1
Dodging        | 1 2 |  2.2
Armour         | 4 |  4.7
Shields        | |  3.2

Action                   |  1- 3 |  4- 6 || total
-------------------------+-------+-------++-------
Melee: War axe           |    83 |   172 ||   255
  Use: Scroll            |     2 |     3 ||     5
       Potion            |       |     1 ||     1
Armor: Scale mail        |    28 |    91 ||   119
Dodge: Dodged            |    24 |    78 ||   102
Block: Kite shield       |    50 |    86 ||   136

Table legend: (Time is in decaauts)
 A = Elapsed time spent in this place.
 B = Non-inter-level travel time spent in this place.
 C = Inter-level travel time spent in this place.
 D = Time resting spent in this place.
 E = Time spent auto-exploring this place.
 F = Levels seen in this place.
 G = Mean time per level.
                   A        B        C        D        E       F      G
               +--------+--------+--------+--------+--------+-----+--------+
         Total |   3948 |   3918 |     30 |    816 |   2468 |   5 |  789.6 |
       Dungeon |   3948 |   3918 |     30 |    816 |   2468 |   5 |  789.6 |
               +--------+--------+--------+--------+--------+-----+--------+

Top non-repeatable levels by time:
     D:3: 1398 daAuts
     D:4: 900 daAuts
     D:1: 899 daAuts
     D:2: 747 daAuts
     D:5: 1 daAuts
